 Dungeon Crawl Stone Soup version 0.21-a0-578-gc6e9d75 (webtiles) character file.

1652 tidbits the Digger (level 9, 18/65 HPs)
             Began as a Gnoll Earth Elementalist on Dec 18, 2017.
             Quit the game on level 5 of the Dungeon.
             The game lasted 00:13:15 (1583 turns).

tidbits the Digger (Gnoll Earth Elementalist)       Turns: 1583, Time: 00:13:16

Health: 18/65      AC:  3    Str: 10    XL:     9   Next: 0%
Magic:  16/16      EV: 16    Int: 21    God:
Gold:   257        SH:  0    Dex: 16    Spells: 5/20 levels left

rFire    . . .     SeeInvis .   a - +2 dagger (venom)
rCold    . . .     Gourm    .   (no shield)
rNeg     . . .     Faith    .   d - +0 robe
rPois    +         Spirit   .   E - +0 helmet
rElec    .         Reflect  .   (no cloak)
rCorr    .         Harm     .   (no gloves)
MR       .....                  (no boots)
Stlth    +++.......             r - amulet of rage
HPRegen  0.20/turn              (no ring)
MPRegen  0.15/turn              (no ring)

@: berserk cooldown, slowed, very slow
A: distributed training, fangs 1, low mp 1, mutation resistance 1, poison
resistance, strong nose
a: Evoke Berserk Rage


You were on level 5 of the Dungeon.
You were very hungry.

You visited 1 branch of the dungeon, and saw 6 of its levels.

You collected 257 gold pieces.

Inventory:

Hand Weapons
 a - a +2 dagger of venom (weapon)
   (You took it off an orc wizard on level 5 of the Dungeon)
 b - a +0 dagger
 u - a cursed -1 war axe
 y - a +0 halberd
 z - a +2 shortbow of velocity
   (You took it off a centaur on level 6 of the Dungeon)
 C - a +1 flail of crushing
   (You took it off an orc on level 6 of the Dungeon)
Missiles
 k - 13 tomahawks (quivered)
 q - 47 arrows
 x - 43 sling bullets
Armour
 d - a +0 robe (worn)
 B - a +0 large shield
 E - a +0 helmet (worn)
 F - a +0 buckler
Jewellery
 r - an amulet of rage (around neck)
   (You found it on level 5 of the Dungeon)
 w - a +2 amulet of reflection
   (You found it on level 4 of the Dungeon)
Scrolls
 g - a scroll of identify
 h - 2 scrolls of amnesia {unknown}
 j - 4 scrolls of remove curse
 l - a scroll of random uselessness {unknown}
 o - a scroll of blinking {unknown}
 p - a scroll of noise {unknown}
 s - a scroll of magic mapping {unknown}
 t - a scroll of fog {unknown}
 v - 2 scrolls of vulnerability
Potions
 m - 2 potions of degeneration
 n - a potion of cancellation
Books
 e - a book of Geomancy

   Spells                             Type                      Level
   a - Sandblast                      Earth                        1
   b - Passwall                       Transmutation/Earth          2
   c - Stone Arrow                    Conjuration/Earth            3
   d - Petrify                        Transmutation/Earth          4
   e - Lee's Rapid Deconstruction     Earth                        5
Comestibles
 c - 4 rations
 D - 3 chunks of flesh


   Skills:
 + Level 3.7 Fighting
 + Level 3.7 Short Blades
 + Level 3.7 Long Blades
 + Level 3.7 Axes
 + Level 3.7 Maces & Flails
 + Level 3.7 Polearms
 + Level 3.7 Staves
 + Level 3.7 Slings
 + Level 3.7 Bows
 + Level 3.7 Crossbows
 + Level 3.7 Throwing
 + Level 3.7 Armour
 + Level 5.9 Dodging
 + Level 5.6 Stealth
 + Level 3.7 Shields
 + Level 3.7 Unarmed Combat
 + Level 6.3 Spellcasting
 + Level 3.0 Conjurations
 + Level 3.0 Hexes
 + Level 3.0 Charms
 + Level 3.0 Summonings
 + Level 3.0 Necromancy
 + Level 3.0 Translocations
 + Level 3.7 Transmutations
 + Level 3.0 Fire Magic
 + Level 3.0 Ice Magic
 + Level 3.0 Air Magic
 + Level 6.3 Earth Magic
 + Level 3.0 Poison Magic
 + Level 4.0 Invocations
 + Level 3.7 Evocations


You had 5 spell levels left.
You knew the following spells:

 Your Spells              Type           Power        Failure   Level  Hunger
a - Sandblast             Erth           ####..       1%          1    None
p - Petrify               Tmut/Erth      ####....     12%         4    ###....
t - Stone Arrow           Conj/Erth      ####..       4%          3    #......
w - Passwall              Tmut/Erth      ####......   1%          2    None
D - Lee's Rapid Deconstr  Erth           ####......   19%         5    #####..


Dungeon Overview and Level Annotations

Branches:
Dungeon (6/15)
 Temple: D:4-7

Altars:

Shops:
D:4 %

Annotations:
D:5 Blork the orc


Innate Abilities, Weirdness & Mutations

Your experience applies equally to all skills.
You have very sharp teeth.
Your uncanny sense of smell can sniff out nearby items.
Your magical capacity is low. (-10% MP)
You are somewhat resistant to further mutation.
Your system is resistant to poisons. (rPois)


Message History

You swing at nothing.
You swing at nothing.
You feel sick.
You are no longer poisoned.
You swing at nothing.
You swing at nothing.
You swing at nothing.
You swing at nothing.
You swing at nothing.
Your transformation is almost over.
You swing at nothing.
You swing at nothing.
You swing at nothing.
You swing at nothing.
You swing at nothing.
You swing at nothing.
You feel less wooden.
Your +0 helmet unmelds from your body.
Your +0 robe unmelds from your body.
Found 16 gold pieces.
Items here: ))))) [[[ †††
Okay, then.
Butcher an orc corpse? [(y)es/(c)hoosy/(n)o/(a)ll/(e)dible/(q)uit/?]
Butcher an orc corpse? [(y)es/(c)hoosy/(n)o/(a)ll/(e)dible/(q)uit/?]
Okay, then.
You butcher the orc corpse.
D - 9 chunks of flesh (gained 3)
Items here: ))))) [[[ ÷ †† Unknown command.
b - a dagger of venom Autopickup is now off.
Eat one of 9 chunks of flesh? (ye/n/q)
You eat one of the 9 chunks of flesh.
This raw flesh tastes terrible.
Wield which item (- for none, * to show all)? (? for menu, Esc to quit)
Your +2 dagger of venom begins to drip with poison!
b - a +2 dagger of venom (weapon)
Adjust (i)tems, (s)pells, or (a)bilities?
Adjust which item? (? for menu, Esc to quit)
b - a +2 dagger of venom (weapon)
Adjust to which letter? (? for menu, Esc to quit)
a - a +2 dagger of venom (weapon);
b - a +0 dagger You see here 16 gold pieces.
You now have 257 gold pieces (gained 16).
Casting: Sandblast
Confirm with . or Enter, or press ? or * to list all spells.
Aiming: Sandblast
Press: ? - help, Shift-Dir - straight line, f - howler monkey zombie
Aim: a howler monkey zombie (hasn't noticed you)
You don't have any stones to cast with.
Unknown command.
As you read the scroll of identify, it crumbles to dust.
v - 2 scrolls of vulnerability You aren't carrying any items that you can evoke without wielding.
Unknown command.
Okay, then.
Unknown command.
A red film seems to cover your vision as you go berserk!
You feel yourself moving faster!
You feel mighty!
You are feeling hungry.
You feel a strong urge to attack something.
You hit the howler monkey zombie.
The howler monkey zombie is lightly damaged.
The howler monkey zombie barely misses you.
You barely miss the howler monkey zombie.
The howler monkey zombie is lightly damaged.
You barely miss the howler monkey zombie.
Your bite misses the howler monkey zombie.
The howler monkey zombie is lightly damaged.
The howler monkey zombie hits you.
* * * LOW HITPOINT WARNING * * *
You puncture the howler monkey zombie!
The howler monkey zombie is heavily damaged.
You closely miss the howler monkey zombie.
The howler monkey zombie is heavily damaged.
The howler monkey zombie hits you.
* * * LOW HITPOINT WARNING * * *
You hit the howler monkey zombie.
The howler monkey zombie is severely damaged.
You barely miss the howler monkey zombie.
The howler monkey zombie is severely damaged.
The howler monkey zombie misses you.
You barely miss the howler monkey zombie.
The howler monkey zombie is severely damaged.
You puncture the howler monkey zombie!
You destroy the howler monkey zombie!
You have reached level 9!
Your experience leads to an increase in your attributes!
Your base attributes are Str 10, Int 20, Dex 16.
Increase (S)trength, (I)ntelligence, or (D)exterity?
You feel clever.
You feel a strong urge to attack something.
You are no longer berserk.
You are exhausted.
You feel yourself slow down.
Some of the chunks of flesh in your inventory have rotted away.
A phantom comes into view.
You are feeling very hungry.
Eat one of 3 chunks of flesh? (ye/n/q)
Okay, then.
Search for what [? for help]? stone Unknown command.
Are you sure you want to abandon this character and quit the game? (Confirm with "yes".)

...#.........#
####..#.........#
#.....#.........#######
#.....#.............)<#
.#.....#.........#######
..........###.............
......###.#.......########
...... #.#....<.........#
.W.... #@#........#####.#
..... #..........# #.#
..... ##.##.#.##.# #.#
###.##.#.##.# #.#
#8..8#.#.##.# #.#
#######88..#.#.##.####...
#..........#.#.#.........
#.....^.8..#.#.#..######.
#..........#.#....#


There were no monsters in sight!

Vanquished Creatures
  A troll (D:4)
  An ice beast (D:5)
  A sky beast (D:6)
  3 ogres
  A centaur (D:6)
  4 bullfrogs (D:6)
  A scorpion (D:6)
  A jelly (D:5)
  A crimson imp (D:5)
  A bullfrog zombie (D:6)
  3 hounds
  2 orc priests (D:4)
  5 orc wizards
  An iguana (D:4)
  2 worker ants
  A howler monkey zombie (D:5)
  4 gnolls (D:5)
  5 adders
  3 shadow imps
  An adder skeleton (D:5)
  3 dart slugs
  2 leopard geckos
  11 orcs
  2 giant cockroaches
  4 goblins
  3 hobgoblins (D:1)
  2 kobolds
  A quokka (D:4)
  A bat (D:1)
  2 frilled lizards
  A quokka zombie (D:5)
  A rat (D:1)
75 creatures vanquished.

Notes
Turn   | Place    | Note
-------+----------+-------------------------------------------
     0 | D:1      | tidbits the Gnoll Earth Elementalist began the quest for the Orb.
     0 | D:1      | Reached XP level 1. HP: 13/13 MP: 6/6
    20 | D:2      | Found a faded altar of an unknown god.
    28 | D:2      | Reached skill level 2 in Transmutations
    28 | D:2      | Reached XP level 2. HP: 8/19 MP: 4/7
   186 | D:1      | Learned a level 2 spell: Passwall
   376 | D:2      | Reached XP level 3. HP: 22/25 MP: 6/9
   381 | D:2      | Learned a level 3 spell: Stone Arrow
   401 | D:2      | Reached skill level 5 in Spellcasting
   431 | D:2      | Reached skill level 1 in Invocations
   498 | D:2      | Reached skill level 1 in Fighting
   498 | D:2      | Reached skill level 1 in Short Blades
   498 | D:2      | Reached skill level 1 in Long Blades
   498 | D:2      | Reached skill level 1 in Axes
   498 | D:2      | Reached skill level 1 in Maces & Flails
   498 | D:2      | Reached skill level 1 in Polearms
   498 | D:2      | Reached skill level 1 in Staves
   498 | D:2      | Reached skill level 1 in Slings
   498 | D:2      | Reached skill level 1 in Bows
   498 | D:2      | Reached skill level 1 in Crossbows
   498 | D:2      | Reached skill level 1 in Throwing
   498 | D:2      | Reached skill level 1 in Armour
   498 | D:2      | Reached skill level 1 in Shields
   498 | D:2      | Reached skill level 1 in Unarmed Combat
   498 | D:2      | Reached skill level 1 in Evocations
   498 | D:2      | Reached XP level 4. HP: 30/32 MP: 3/11
   544 | D:5      | Entered Level 5 of the Dungeon
   573 | D:5      | Noticed an ice beast
   581 | D:5      | Killed an ice beast
   581 | D:5      | Reached skill level 1 in Conjurations
   581 | D:5      | Reached skill level 1 in Hexes
   581 | D:5      | Reached skill level 1 in Charms
   581 | D:5      | Reached skill level 1 in Summonings
   581 | D:5      | Reached skill level 1 in Necromancy
   581 | D:5      | Reached skill level 1 in Translocations
   581 | D:5      | Reached skill level 1 in Fire Magic
   581 | D:5      | Reached skill level 1 in Ice Magic
   581 | D:5      | Reached skill level 1 in Air Magic
   581 | D:5      | Reached skill level 1 in Poison Magic
   581 | D:5      | Reached XP level 5. HP: 37/37 MP: 0/12
   653 | D:4      | Found Mon Tet's Food Emporium.
   710 | D:5      | Noticed an ogre
   713 | D:5      | Killed an ogre
   713 | D:5      | Reached skill level 2 in Invocations
   713 | D:5      | Reached XP level 6. HP: 23/44 MP: 8/14
   762 | D:4      | Reached skill level 5 in Dodging
   769 | D:4      | Reached skill level 2 in Fighting
   769 | D:4      | Reached skill level 2 in Short Blades
   769 | D:4      | Reached skill level 2 in Long Blades
   769 | D:4      | Reached skill level 2 in Axes
   769 | D:4      | Reached skill level 2 in Maces & Flails
   769 | D:4      | Reached skill level 2 in Polearms
   769 | D:4      | Reached skill level 2 in Staves
   769 | D:4      | Reached skill level 2 in Slings
   769 | D:4      | Reached skill level 2 in Bows
   769 | D:4      | Reached skill level 2 in Crossbows
   769 | D:4      | Reached skill level 2 in Throwing
   769 | D:4      | Reached skill level 2 in Armour
   769 | D:4      | Reached skill level 2 in Shields
   769 | D:4      | Reached skill level 2 in Unarmed Combat
   769 | D:4      | Reached skill level 2 in Evocations
   882 | D:5      | Reached XP level 7. HP: 32/50 MP: 3/15
   958 | D:6      | Reached skill level 2 in Conjurations
   958 | D:6      | Reached skill level 2 in Hexes
   958 | D:6      | Reached skill level 2 in Charms
   958 | D:6      | Reached skill level 2 in Summonings
   958 | D:6      | Reached skill level 2 in Necromancy
   958 | D:6      | Reached skill level 2 in Translocations
   958 | D:6      | Reached skill level 2 in Fire Magic
   958 | D:6      | Reached skill level 2 in Ice Magic
   958 | D:6      | Reached skill level 2 in Air Magic
   958 | D:6      | Reached skill level 2 in Poison Magic
   960 | D:6      | Reached skill level 3 in Transmutations
   983 | D:6      | Reached skill level 5 in Stealth
  1011 | D:6      | Learned a level 4 spell: Petrify
  1017 | D:6      | Learned a level 5 spell: Lee's Rapid Deconstruction
  1038 | D:6      | Reached skill level 3 in Invocations
  1040 | D:6      | Reached XP level 8. HP: 42/57 MP: 7/16
  1103 | D:6      | Reached skill level 6 in Earth Magic
  1151 | D:6      | Reached skill level 3 in Fighting
  1151 | D:6      | Reached skill level 3 in Short Blades
  1151 | D:6      | Reached skill level 3 in Long Blades
  1151 | D:6      | Reached skill level 3 in Axes
  1151 | D:6      | Reached skill level 3 in Maces & Flails
  1151 | D:6      | Reached skill level 3 in Polearms
  1151 | D:6      | Reached skill level 3 in Staves
  1151 | D:6      | Reached skill level 3 in Slings
  1151 | D:6      | Reached skill level 3 in Bows
  1151 | D:6      | Reached skill level 3 in Crossbows
  1151 | D:6      | Reached skill level 3 in Throwing
  1151 | D:6      | Reached skill level 3 in Armour
  1151 | D:6      | Reached skill level 3 in Shields
  1151 | D:6      | Reached skill level 3 in Unarmed Combat
  1151 | D:6      | Reached skill level 3 in Evocations
  1260 | D:6      | Reached skill level 6 in Spellcasting
  1311 | D:5      | Noticed a troll
  1312 | D:5      | Noticed Blork the orc
  1331 | D:4      | Gained mutation: Your system is resistant to poisons. (rPois) [potion of mutation]
  1331 | D:4      | Gained mutation: Your magical capacity is low. (-10% MP) [potion of mutation]
  1331 | D:4      | Gained mutation: You are somewhat resistant to further mutation. [potion of mutation]
  1336 | D:4      | HP: 11/130 [troll (8)]
  1338 | D:4      | Killed a troll
  1448 | D:5      | Reached skill level 3 in Conjurations
  1448 | D:5      | Reached skill level 3 in Hexes
  1448 | D:5      | Reached skill level 3 in Charms
  1448 | D:5      | Reached skill level 3 in Summonings
  1448 | D:5      | Reached skill level 3 in Necromancy
  1448 | D:5      | Reached skill level 3 in Translocations
  1448 | D:5      | Reached skill level 3 in Fire Magic
  1448 | D:5      | Reached skill level 3 in Ice Magic
  1448 | D:5      | Reached skill level 3 in Air Magic
  1448 | D:5      | Reached skill level 3 in Poison Magic
  1448 | D:5      | Reached skill level 4 in Invocations
  1567 | D:5      | Reached XP level 9. HP: 21/65 MP: 14/16
  1583 | D:5      | Quit the game

Vault maps used:
D:1:      dpeg_arrival_central
D:2:      marbit_many_paths, chequers_ecumenical_altar_island, first_ration,
          uniq_robin
D:4:      serial_shops, shop
D:5:      serial_undead, serial_undead_a, serial_undead_b, serial_undead_e,
          serial_undead_c, uniq_blork_the_orc
D:6:      minmay_temple_entry_from_below_a

Skill      XL: |  1  2  3  4  5  6  7  8 |
---------------+-------------------------+-----
Transmutations | 2 3 |  3.7
Spellcasting   | 5 6 |  6.3
Invocations    | 1 2 3 4 |  4.0
Fighting       | 1 2 3 |  3.7
Short Blades   | 1 2 3 |  3.7
Long Blades    | 1 2 3 |  3.7
Axes           | 1 2 3 |  3.7
Maces & Flails | 1 2 3 |  3.7
Polearms       | 1 2 3 |  3.7
Staves         | 1 2 3 |  3.7
Slings         | 1 2 3 |  3.7
Bows           | 1 2 3 |  3.7
Crossbows      | 1 2 3 |  3.7
Throwing       | 1 2 3 |  3.7
Armour         | 1 2 3 |  3.7
Shields        | 1 2 3 |  3.7
Unarmed Combat | 1 2 3 |  3.7
Evocations     | 1 2 3 |  3.7
Conjurations   | 1 2 3 |  3.0
Hexes          | 1 2 3 |  3.0
Charms         | 1 2 3 |  3.0
Summonings     | 1 2 3 |  3.0
Necromancy     | 1 2 3 |  3.0
Translocations | 1 2 3 |  3.0
Fire Magic     | 1 2 3 |  3.0
Ice Magic      | 1 2 3 |  3.0
Air Magic      | 1 2 3 |  3.0
Poison Magic   | 1 2 3 |  3.0
Dodging        | 5 |  5.9
Stealth        | 5 |  5.6
Earth Magic    | 6 |  6.3

Action                   |  1- 3 |  4- 6 |  7- 9 || total
-------------------------+-------+-------+-------++-------
Melee: Dagger            |     3 |     3 |    44 ||    50
       Bite              |       |       |     1 ||     1
       Unarmed           |       |       |     2 ||     2
 Cast: Sandblast         |    23 |    43 |    57 ||   123
       Passwall          |     5 |     4 |    15 ||    24
 Abil: Evoke Berserk Rag |       |       |     2 ||     2
  Use: Scroll            |       |       |     4 ||     4
       Potion            |       |       |     5 ||     5
 Stab: Sleeping          |     2 |     1 |    10 ||    13
  Eat: Chunk             |       |       |     3 ||     3
Armor: Robe              |     2 |     2 |     4 ||     8
       Skin              |       |       |    24 ||    24
Dodge: Dodged            |     7 |    19 |    33 ||    59

Table legend:
 A = Spawn XP
 B = Non-spawn XP
 C = Spawn XP percentage of total XP
 D = Spawn monster count
 E = Non-spawn monster count
 F = Spawn count percentage of total count
 G = Total turns spent on level
                    A         B        C        D         E        F      G
               +---------+---------+-------+---------+---------+-------+---------
         Total |       0 |    2361 |   0.0 |       0 |      75 |   0.0 |  1583
               +---------+---------+-------+---------+---------+-------+---------
           D:1 |       0 |      17 |   0.0 |       0 |       9 |   0.0 |   357
           D:2 |       0 |      69 |   0.0 |       0 |      11 |   0.0 |   146
           D:4 |       0 |     515 |   0.0 |       0 |      12 |   0.0 |   349
           D:5 |       0 |     627 |   0.0 |       0 |      23 |   0.0 |   310
           D:6 |       0 |    1133 |   0.0 |       0 |      20 |   0.0 |   389
               +---------+---------+-------+---------+---------+-------+---------

Table legend:
 A = Turns spent in this place as a percentage of turns spent in the entire game.
 B = Non-inter-level travel turns spent in this place as a percentage of non-inter-level travel turns spent in the entire game.
 C = Inter-level travel turns spent in this place as a percentage of turns spent in this place.
 D = Turns resting spent in this place as a percentage of non-inter-level travel turns spent in this place.
 E = Turns spent auto-exploring this place as a percentage of non-inter-level travel turns spent in this place.
 F = Non-inter-level travel turns spent in this place divided by the number of levels of this place that you've seen.
                   A       B       C       D       E      F
               +-------+-------+-------+-------+-------+----------------------
         Total | 100.0 | 100.0 |   0.0 |   0.0 |   0.0 | 263.8
       Dungeon | 100.0 | 100.0 |   0.0 |   0.0 |   0.0 | 263.8
               +-------+-------+-------+-------+-------+----------------------

Table legend:
 A = Kills in this place as a percentage of kills in entire the game.
 B = Kills by you in this place as a percentage of kills by you in the entire game.
 C = Kills by friends in this place as a percentage of kills by friends in the entire game.
 D = Other kills in this place as a percentage of other kills in the entire game.
 E = Experience gained in this place as a percentage of experience gained in the entire game.
 F = Experience gained in this place divided by the number of levels of this place that you have seen.
                   A       B       C       D       E      F
               +-------+-------+-------+-------+-------+----------------------
         Total | 100.0 | 100.0 |   N/A |   N/A | 100.0 | 393.5
       Dungeon | 100.0 | 100.0 |   N/A |   N/A | 100.0 | 393.5
               +-------+-------+-------+-------+-------+----------------------

Vault maps used:
D:1:      dpeg_arrival_central
D:2:      marbit_many_paths, chequers_ecumenical_altar_island, first_ration,
          uniq_robin
D:4:      serial_shops, shop
D:5:      serial_undead, serial_undead_a, serial_undead_b, serial_undead_e,
          serial_undead_c, uniq_blork_the_orc
D:6:      minmay_temple_entry_from_below_a
